 Dungeon Crawl Stone Soup version 0.31-a0-7-g51783674b7 (webtiles) character file.

Game seed: 12132781463826644183

266 Anon1729 the Chopper (level 6, 0/55 HPs)
             Began as a Minotaur Monk on May 5, 2023.
             Slain by a gnoll
             ... wielding a +0 halberd
             ... led by a gnoll bouda
              (16 damage)
             ... on level 4 of the Dungeon.
             The game lasted 00:01:54 (2238 turns).

Anon1729 the Chopper (Minotaur Monk)                Turns: 2238, Time: 00:01:55

Health: 0/55       AC:  2    Str: 17    XL:     6   Next: 0%
Magic:  5/5        EV: 13    Int:  7    God:
Gold:   123        SH:  0    Dex: 13    Spells: 5/5 levels left

rFire   . . .        k - +0 war axe
rCold   . . .        d - orb {light}
rNeg    . . .        b - +0 robe
rPois   .            (helmet restricted)
rElec   .            (no cloak)
rCorr   .            (no gloves)
SInv    .            (no boots)
Will    .....        (no amulet)
Stlth   +            (no ring)
HPRegen 0.29/turn    (no ring)
MPRegen 0.09/turn

%: no passive effects
@: glowing
A: horns 2, retaliatory headbutt
a: no special abilities


You were on level 4 of the Dungeon.
You visited 1 branch of the dungeon, and saw 4 of its levels.

You collected 143 gold pieces.
You spent 20 gold pieces at shops.

Inventory:

Hand Weapons
 a - a +0 hand axe
 k - a +0 war axe (weapon)
Missiles
 j - a throwing net (quivered)
Armour
 b - a +0 robe (worn)
 d - an orb of light (worn)
Wands
 p - a wand of flame (18)
Scrolls
 g - a scroll of magic mapping {unknown}
 h - a scroll of enchant armour {unknown}
 l - a scroll of teleportation {unknown}
 m - 2 scrolls of identify {unknown}
Potions
 c - a potion of ambrosia
 e - a potion of lignification {unknown}
 f - 2 potions of curing {unknown}
 i - 2 potions of cancellation {unknown}
 n - a potion of might {unknown}
 o - a potion of brilliance {unknown}


   Skills:
 + Level 4.9 Fighting
 * Level 5.8 Axes
 + Level 2.9 Armour
 + Level 4.4 Dodging


You had 5 spell levels left.
You didn't know any spells.
Your spell library was empty.

Dungeon Overview and Level Annotations

Branches:
Dungeon (4/15)
 Temple: D:4-7

Altars:
The Shining One

Shops:
D:2 [?*


Innate Abilities, Weirdness & Mutations

You have a pair of horns on your head.
You reflexively headbutt those who attack you in melee.


Message History

2 gnolls come into view.
The gnoll bouda shouts!
The gnoll shouts! x3
The gnoll completely misses you. The gnoll hits you with a +0 club.
You hit the gnoll.
The gnoll is heavily wounded.
The gnoll barely misses you.
You slash the gnoll bouda! You headbutt the gnoll bouda.
The gnoll bouda is severely wounded.
You hit the gnoll. The gnoll closely misses you.
You barely miss the gnoll bouda. You headbutt the gnoll bouda!
You kill the gnoll bouda!
You hit the gnoll but do no damage.
The gnoll hits you from afar with a +0 halberd!
The gnoll barely misses you.
You have reached level 6!
You hit the gnoll.
The gnoll is severely wounded.
You slash the gnoll! You barely miss the gnoll.
The gnoll hits you with a +0 club. The gnoll closely misses you.
The gnoll barely misses you. x2; The gnoll hits you with a +0 flail.
The gnoll hits you with a +0 flail!
The gnoll hits you from afar with a +0 halberd!
* * * LOW HITPOINT WARNING * * *
You are too injured to fight recklessly!
You are too injured to fight recklessly!
You are too injured to fight recklessly!
You are too injured to fight recklessly!
You are too injured to fight recklessly!
You are too injured to fight recklessly!
You are too injured to fight recklessly!
You are too injured to fight recklessly!
You are too injured to fight recklessly!
You are too injured to fight recklessly!
You are too injured to fight recklessly!
You hit the gnoll.
You kill the gnoll!
You hit the gnoll. x2; The gnoll hits you but does no damage.
The gnoll barely misses you.
The gnoll hits you from afar with a +0 halberd!
You die...

#####....#....
........###.......###...
..................# #<.#
.........#........# ##.#
........##.......## ###
........##.......##
.....g..#.........##
......)g#....).....##
......g@#...........##
.....##..............#
... #..............## .
#...............##
#................#
#.[..............#
##...............#
#..............##
##..............#


You could see 3 gnolls.

Vanquished Creatures
  A black bear (D:3)
  A gnoll bouda (D:4)
  Robin (D:2)
  7 gnolls
  2 adders
  2 worms (D:3)
  A dart slug (D:2)
  2 orcs (D:3)
  2 ball pythons
  4 endoplasms
  A giant cockroach (D:3)
  4 hobgoblins (D:2)
  6 kobolds
  3 quokkas
  9 goblins
  4 rats
50 creatures vanquished.

Notes
Turn   | Place    | Note
-------+----------+-------------------------------------------
     0 | D:1      | Anon1729 the Minotaur Monk began the quest for the Orb.
     0 | D:1      | Reached XP level 1. HP: 19/19 MP: 0/0
     9 | D:1      | You fall into a shaft and drop 1 floor!
    82 | D:2      | Found a glowing golden altar of the Shining One.
    99 | D:2      | Found Holevehi's Antique Armour Shoppe.
   193 | D:2      | Found Jailimop's Assorted Antiques.
   201 | D:2      | Bought an emerald potion for 20 gold pieces
   264 | D:2      | Noticed Robin
   267 | D:2      | Reached XP level 2. HP: 27/27 MP: 1/1
   268 | D:2      | Reached skill level 4 in Axes
   273 | D:2      | Killed Robin
   274 | D:2      | Reached skill level 1 in Armour
   282 | D:2      | Reached XP level 3. HP: 18/33 MP: 2/2
   729 | D:2      | Reached XP level 4. HP: 29/40 MP: 3/3
  1040 | D:2      | Found Viewe's Magic Scroll Shoppe.
  1457 | D:3      | Reached skill level 5 in Axes
  1765 | D:3      | Reached XP level 5. HP: 47/47 MP: 4/4
  1816 | D:3      | Noticed a black bear
  1824 | D:3      | Killed a black bear
  2237 | D:4      | Reached XP level 6. HP: 44/55 MP: 5/5
  2238 | D:4      | Slain by a gnoll

Illustrated notes

Levels and vault maps discovered:
D:1:      saegor_arrival_simple_b, layout_basic, kennysheep_boxes
D:2:      layout_basic, basic_altar, serial_shops,
          nicolae_shop_just_a_little_nook, nicolae_shop_pleasant_corner_grove,
          nicolae_shop_tiny_real_fake_doors, uniq_robin
D:3:      layout_loops_ring, kennysheep_generic_room_3
D:4:      layout_cave_pods, dancing_weapons_uskayaw,
          nicolae_dithmenos_the_darkroom, minmay_misc_feat_rows,
          minmay_manual_maat

Skill      XL: |  1  2  3  4 |
---------------+-------------+-----
Axes           | 4 5 |  5.8
Armour         | 1 2 |  2.9
Fighting       | 4 |  4.9
Dodging        | 4 |  4.4

Action                     |  1- 3 |  4- 6 || total
---------------------------+-------+-------++-------
  Melee: Hand axe          |    49 |    26 ||    75
         Headbutt          |    14 |    11 ||    25
         War axe           |       |    26 ||    26
 Armour: Robe              |     4 |     8 ||    12
  Dodge: Dodged            |    35 |    32 ||    67

Table legend: (Time is in decaauts)
 A = Elapsed time spent in this place.
 B = Non-inter-level travel time spent in this place.
 C = Inter-level travel time spent in this place.
 D = Time resting spent in this place.
 E = Time spent auto-exploring this place.
 F = Levels seen in this place.
 G = Mean time per level.
                   A        B        C        D        E       F      G
               +--------+--------+--------+--------+--------+-----+--------+
         Total |   2249 |   2216 |     33 |    135 |   1788 |   4 |  562.2 |
       Dungeon |   2249 |   2216 |     33 |    135 |   1788 |   4 |  562.2 |
               +--------+--------+--------+--------+--------+-----+--------+

Top non-repeatable levels by time:
     D:2: 1337 daAuts
     D:3: 810 daAuts
     D:4: 91 daAuts
     D:1: 9 daAuts
